[Event "*** Titled Tuesday Blitz"]
[Site "Chess.com"]
[Date "2020.03.03"]
[Round "9"]
[White "praveenb2002"]
[Black "sergiochess83"]
[Result "1-0"]
[WhiteElo "2707"]
[BlackElo "2890"]
[TimeControl "180+1"]
[EndTime "14:43:50 PST"]
[Termination "praveenb2002 won by resignation"]

1. e4 e5 2. Nf3 Nc6 3. Bb5 a6 4. Ba4 Nf6 5. O-O b5 6. Bb3 Bc5 7. Nxe5 Nxe5 8. d4 Bxd4 9. Qxd4 d6 10. c3 O-O 11. Bg5 h6 12. Bh4 c5 13. Qd1 Bb7 14. Nd2 Ng6 15. Bg3 Re8 16. f3 c4 17. Bc2 d5 18.
exd5 Nxd5 19. Bxg6 fxg6 20. Ne4 Ne3 21. Qxd8 Raxd8 22. Rf2 Bxe4 23. fxe4 Rxe4 24. Re2 Rde8 25. Rae1 R4e7 26. Bd6 Re4 27. Bc5 1-0

[Event "*** Titled Tuesday Blitz"]
[Site "Chess.com"]
[Date "2020.03.03"]
[Round "9"]
[White "BeanScreen"]
[Black "pouya21"]
[Result "0-1"]
[WhiteElo "2645"]
[BlackElo "2820"]
[TimeControl "180+1"]
[EndTime "14:43:55 PST"]
[Termination "pouya21 won by checkmate"]

1. e4 c5 2. Nf3 d6 3. d4 cxd4 4. Nxd4 Nf6 5. Nc3 a6 6. Be3 e5 7. Nb3 Be6 8. h3 Nc6 9. f4 exf4 10. Bxf4 Be7 11. Qe2 Ne5 12. O-O-O Nfd7 13. Qe3 Rc8 14. g4 O-O 15. g5 b5 16. h4 Qb6 17. Qg3 b4 18. Nd5 Bxd5 19. exd5 a5 20. Kb1 a4 21.
Nc1 Qc5 22. Rd2 Nb6 23. h5 Nbc4 24. Rg2 Qd4 25. Bxe5 Nxe5 26. g6 fxg6 27. hxg6 h6 28. Qh3 Bf6 29. Qe6+ Kh8 30. Rgh2 Qxb2+ 31. Kxb2 Nc4+ 32. Kb1 Na3# 0-1

[Event "*** Titled Tuesday Blitz"]
[Site "Chess.com"]
[Date "2020.03.03"]
[Round "9"]
[White "DonPreuss"]
[Black "Region_07"]
[Result "0-1"]
[WhiteElo "2201"]
[BlackElo "2408"]
[TimeControl "180+1"]
[EndTime "14:43:56 PST"]
[Termination "Region_07 won by resignation"]

1. Nc3 d5 2. e4 c6 3. d4 dxe4 4. f3 e3 5. Bxe3 Nf6 6. a3 Bf5 7. Nge2 e6 8. Ng3 Bg6 9. Bd3 Nbd7 10. O-O Qc7 11. Nce4 Nd5 12. Bd2 N7f6 13. c4 Nf4 14. Nxf6+ gxf6 15. Bxf4 Qxf4 16. Ne4 O-O-O 17. Bc2 f5 18. Nf2 Qxd4 19. Qe2 Bd6 20. Rfd1 Qe5 21.
Qxe5 Bxe5 22. Rab1 Rxd1+ 23. Nxd1 Rd8 24. Nf2 Rd2 25.
Ba4 Bd4 26. Rf1 f4 27. b4 Bd3 0-1

[Event "*** Titled Tuesday Blitz"]
[Site "Chess.com"]
[Date "2020.03.03"]
[Round "9"]
[White "LarissaSteenbekkers"]
[Black "VFernandezB"]
[Result "0-1"]
[WhiteElo "1872"]
[BlackElo "2254"]
[TimeControl "180+1"]
[EndTime "14:43:57 PST"]
[Termination "VFernandezB won by resignation"]

1. e4 c5 2. Nc3 Nc6 3. Bb5 g6 4. f4 Bg7 5. Bxc6 bxc6 6. Nf3 d5 7. d3 Bg4 8. O-O e6 9. Na4 c4 10. Qe1 cxd3 11. cxd3 Bxf3 12. Rxf3 Ne7 13. f5 Bd4+ 14. Be3 Bxe3+ 15. Qxe3 dxe4 16. dxe4 e5 17. f6 Nc8 18.
Qc5 Qd6 19. Qc3 Qd4+ 20. Qxd4 exd4 21. e5 Nb6 22. Nc5 O-O-O 23. a4 Nd5 24. Rd3 Nb4 25. Rd2 Rd5 26. Rc1 Rhd8 27. Rc4 a5 28. Nd3 Nxd3 29. Rxd3 c5 30. Rb3 Rxe5 31. Rb5 d3 32. Rcxc5+ Rxc5 33. Rxc5+ Kb7 34. Rb5+ Kc6 35. Rxa5 d2 0-1

[Event "*** Titled Tuesday Blitz"]
[Site "Chess.com"]
[Date "2020.03.03"]
[Round "9"]
[White "kinga2008"]
[Black "CookiesAndIceCream"]
[Result "1-0"]
[WhiteElo "1953"]
[BlackElo "2326"]
[TimeControl "180+1"]
[EndTime "14:43:58 PST"]
[Termination "kinga2008 won by resignation"]

1. e4 e6 2. d4 d5 3. e5 c5 4. c3 Nc6 5. Nf3 Qb6 6. a3 Nh6 7. b4 cxd4 8. cxd4 Nf5 9. Bb2 Bd7 10. Be2 Be7 11. O-O O-O-O 12. Qd2 Kb8 13. Rd1 h6 14. Nc3 Rdg8 15. Na4 Qd8 16. Nc5 g5 17.
Ne1 g4 18. b5 Bg5 19. Nxd7+ Qxd7 20. bxc6 Qxc6 21. Qc3 Qd7 22. Nd3 h5 23. Nc5 Qe7 24. Bc1 h4 25. Bxg5 Rxg5 26. Rab1 b6 27. Na6+ Kb7 28.
Nb4 g3 29. Qc6+ 1-0

[Event "*** Titled Tuesday Blitz"]
[Site "Chess.com"]
[Date "2020.03.03"]
[Round "9"]
[White "NMZanette"]
[Black "NM2019"]
[Result "1-0"]
[WhiteElo "2253"]
[BlackElo "2023"]
[TimeControl "180+1"]
[EndTime "14:44:09 PST"]
[Termination "NMZanette won on time"]

1. e4 c5 2. Nf3 d6 3. d4 cxd4 4. Nxd4 Nf6 5. f3 a6 6. c4 e5 7. Nb3 Be6 8. Nc3 Be7 9. Be3 Nbd7 10. Qd2 Rc8 11. Nd5 Bxd5 12. cxd5 O-O 13. Be2 Nb6 14.
Na5 Qc7 15. O-O Nbd7 16. Rfc1 Qb8 17. Qb4 Rxc1+ 18. Rxc1 Rc8 19. Qxb7 Qxb7 20. Nxb7 Rb8 21. Rc7 Bd8 22. Nxd8 Rxb2 23. Bxa6 1-0

[Event "*** Titled Tuesday Blitz"]
[Site "Chess.com"]
[Date "2020.03.03"]
[Round "9"]
[White "Bigfish1995"]
[Black "EugeneRougon"]
[Result "1-0"]
[WhiteElo "3074"]
[BlackElo "2694"]
[TimeControl "180+1"]
[EndTime "14:44:10 PST"]
[Termination "Bigfish1995 won by resignation"]

1. d4 d5 2. c4 c6 3. Nf3 Nf6 4. e3 e6 5. Nbd2 c5 6. cxd5 Nxd5 7. e4 Nf6 8. e5 Nd5 9. dxc5 Bxc5 10. Ne4 Be7 11.
Bc4 O-O 12. O-O b6 13. Qe2 Bb7 14. Bg5 Bxg5 15. Nfxg5 h6 16. Nh3 Nd7 17. Nd6 Bc6 18. f4 Rb8 19. Rad1 b5 20. Bxd5 Bxd5 21. f5 f6 22. fxe6 Bxe6 23. Nf4 Bxa2 24. e6 Ne5 25. Kh1 Qe7 26. Nf5 Qb4 27. Rd7 Nxd7 28. Qg4 g5 29.
Nxh6+ Kh8 30. Ng6+ Kg7 31. Qxb4 1-0

[Event "*** Titled Tuesday Blitz"]
[Site "Chess.com"]
[Date "2020.03.03"]
[Round "9"]
[White "PawnEatingZombie"]
[Black "PNEPaul"]
[Result "1-0"]
[WhiteElo "2212"]
[BlackElo "1925"]
[TimeControl "180+1"]
[EndTime "14:44:11 PST"]
[Termination "PawnEatingZombie won by resignation"]

1. d4 a6 2. e4 d6 3. Nf3 g6 4. c4 Nd7 5. Nc3 Bg7 6. Be2 e6 7. O-O Ne7 8. Re1 h6 9. Bf1 b6 10. a4 Bb7 11. a5 bxa5 12. Bd2 O-O 13. Qc2 Kh7 14. Ra2 f5 15. Rea1 f4 16. Rxa5 e5 17. d5 g5 18. Ne1 g4 19. b4 h5 20. c5 dxc5 21. bxc5 c6 22. d6 Ng6 23. Bxa6 Bxa6 24. Rxa6 Rxa6 25. Rxa6 Nxc5 26. Rxc6 Ne6 27. Nb5 g3 28.
hxg3 fxg3 29. fxg3 Qf6 30. Nf3 h4 31. d7 hxg3 32. Rxe6 Qxe6 33. Ng5+ Kg8 34. Nxe6 1-0

[Event "*** Titled Tuesday Blitz"]
[Site "Chess.com"]
[Date "2020.03.03"]
[Round "9"]
[White "elohunter1999"]
[Black "violetflower04"]
[Result "1-0"]
[WhiteElo "2456"]
[BlackElo "2233"]
[TimeControl "180+1"]
[EndTime "14:44:23 PST"]
[Termination "elohunter1999 won by resignation"]

1. e4 c5 2. Nf3 d6 3. d4 cxd4 4. Nxd4 Nf6 5. Nc3 Nc6 6. Bg5 e6 7. Qd2 a6 8. O-O-O Bd7 9. f4 b5 10. Bxf6 gxf6 11. Kb1 Qb6 12. Nce2 h5 13. h4 Qc5 14. Rh3 b4 15. c3 Rb8 16. Ka1 Na5 17. cxb4 Rxb4 18. Rc3 Qb6 19. Nc1 Bg7 20. f5 Bh6 21.
Qc2 Ke7 22. Ncb3 Rb8 23. Rc7 Nxb3+ 24. Nxb3 Ra4 25. Rxd7+ Kxd7 26. Nc5+ Ke7 27. Nxa4 Bf4 28. Nxb6 1-0

[Event "*** Titled Tuesday Blitz"]
[Site "Chess.com"]
[Date "2020.03.03"]
[Round "9"]
[White "2165149677570"]
[Black "kismet6"]
[Result "1-0"]
[WhiteElo "2237"]
[BlackElo "2001"]
[TimeControl "180+1"]
[EndTime "14:44:24 PST"]
[Termination "2165149677570 won by resignation"]

1. e4 c5 2. Nf3 Nc6 3. Bb5 Nd4 4. Nxd4 cxd4 5. O-O e6 6. c3 a6 7. Be2 Nf6 8. e5 Nd5 9. cxd4 Qb6 10. Nc3 Qxd4 11.
Nxd5 exd5 12. Bf3 b5 13. d3 Bb7 14. Be3 Qh4 15. Qb3 d4 16. Bxb7 Rb8 17. Bd5 dxe3 18.
Bxf7+ Kd8 19. fxe3 Rb6 20. Rf3 Rh6 21. Rh3 Qg5 22. Rxh6 Qxe3+ 23. Kh1 gxh6 24. Qd5 Bc5 25.
e6 d6 26. Qb7 1-0

[Event "*** Titled Tuesday Blitz"]
[Site "Chess.com"]
[Date "2020.03.03"]
[Round "9"]
[White "PowerThinking2650"]
[Black "IngOscarArdila"]
[Result "1-0"]
[WhiteElo "2388"]
[BlackElo "2157"]
[TimeControl "180+1"]
[EndTime "14:44:25 PST"]
[Termination "PowerThinking2650 won by resignation"]

1. e4 e5 2. Nf3 Nf6 3. Nc3 Nc6 4. d4 exd4 5. Nxd4 Bb4 6. Nxc6 bxc6 7. Bd3 d5 8. exd5 cxd5 9. O-O O-O 10. Bg5 c6 11.
Qf3 Bd6 12. Bxf6 Qxf6 13. Qxf6 gxf6 14. Ne2 Be5 15. Rab1 Rb8 16. b4 Bd7 17. c3 Rfe8 18. Nd4 a5 19. bxa5 c5 20. Bb5 Red8 21. Nc6 Bxc6 22.
Bxc6 Rxb1 23. Rxb1 Bxc3 24. a6 d4 25. a7 d3 26. Rb8 1-0

[Event "*** Titled Tuesday Blitz"]
[Site "Chess.com"]
[Date "2020.03.03"]
[Round "9"]
[White "kingofthenil"]
[Black "marianokar"]
[Result "1-0"]
[WhiteElo "2580"]
[BlackElo "2406"]
[TimeControl "180+1"]
[EndTime "14:44:27 PST"]
[Termination "kingofthenil won by resignation"]

1. e4 c5 2. d3 g6 3. g3 Bg7 4. Bg2 Nc6 5. f4 d6 6. Nf3 e6 7.
O-O Nge7 8. c3 f5 9. Be3 O-O 10. Nbd2 b6 11. Re1 Ba6 12. Qc2 Qd7 13. Bf2 Rae8 14. Rad1 d5 15. exd5 exd5 16. Nb3 Bb7 17. d4 c4 18. Nbd2 Nc8 19. Ne5 Qd8 20. Ndxc4 dxc4 21. Nxc6 Qd6 22. Qa4 Kh8 23. Qxc4 Qc7 24. Na5 Qxc4 25. Nxc4 Bxg2 26. Kxg2 b5 27. Ne5 Nd6 28.
d5 Ne4 29. Bd4 Rd8 30. Nc6 Rxd5 31. Bxg7+ 1-0

[Event "*** Titled Tuesday Blitz"]
[Site "Chess.com"]
[Date "2020.03.03"]
[Round "9"]
[White "ChessicallyInclined"]
[Black "Perecke"]
[Result "0-1"]
[WhiteElo "2477"]
[BlackElo "2333"]
[TimeControl "180+1"]
[EndTime "14:44:31 PST"]
[Termination "Perecke won by resignation"]

1. d4 d5 2. c4 e6 3. Nc3 Nf6 4. cxd5 exd5 5. Bg5 Be7 6. Qc2 O-O 7. e3 Re8 8. Bd3 h6 9. Bxf6 Bxf6 10. Nge2 c5 11.
dxc5 d4 12. O-O-O Nc6 13. Bb5 Nb4 14. Qb3 dxc3 15. Rxd8 cxb2+ 16. Kb1 Rxd8 17. Qxb4 Bf5+ 18. e4 Bg6 19. Ba4 a5 20. Qc4 Rd2 21. Bc2 Re8 22. Nc3 Rxf2 23. Rd1 Rxg2 24. Kxb2 Rxe4 25. Qb3 Rb4 0-1

[Event "*** Titled Tuesday Blitz"]
[Site "Chess.com"]
[Date "2020.03.03"]
[Round "9"]
[White "fusaran"]
[Black "DACF2905"]
[Result "1-0"]
[WhiteElo "2393"]
[BlackElo "2169"]
[TimeControl "180+1"]
[EndTime "14:44:32 PST"]
[Termination "fusaran won by resignation"]

1. e4 c5 2. Nf3 e6 3. d4 cxd4 4. Nxd4 a6 5. Bd3 Nf6 6. O-O Qc7 7. Qe2 d6 8. c4 Nbd7 9. Nc3 Be7 10. f4 b6 11. Be3 Bb7 12. Rac1 Rc8 13. f5 e5 14. Nf3 Qb8 15. h3 h6 16. g4 Nc5 17.
Nd2 Nxd3 18. Qxd3 Qa8 19. Nd5 Bxd5 20. cxd5 b5 21. Nb3 Nh7 22. Rxc8+ Qxc8 23. Rc1 Qa8 24.
Rc6 O-O 25. Na5 Rc8 26. b4 Bd8 27. Rxc8 Qxc8 28. Nc6 Bg5 29. Bxg5 Qc7 30. Be3 g6 31. a4 Qb7 32. fxg6 fxg6 33. Bxh6 Nf6 34. Bg5 Nd7 35.
axb5 axb5 36. Qf3 Nb6 37. Ne7+ Kh7 38. Qf6 1-0

[Event "*** Titled Tuesday Blitz"]
[Site "Chess.com"]
[Date "2020.03.03"]
[Round "9"]
[White "karinachess1"]
[Black "reigningmvp"]
[Result "1-0"]
[WhiteElo "2506"]
[BlackElo "2299"]
[TimeControl "180+1"]
[EndTime "14:44:38 PST"]
[Termination "karinachess1 won by resignation"]

1. c4 e5 2. Nc3 Bb4 3. Qc2 Nc6 4. e3 Bxc3 5. Qxc3 d6 6. d4 Qe7 7. Be2 f5 8. Nf3 Nf6 9. O-O O-O 10. dxe5 dxe5 11.
b3 Ne4 12. Qc2 Be6 13. Bb2 Bf7 14. Rad1 g5 15. Bd3 Nb4 16. Qb1 Nxd3 17. Qxd3 Nc5 18.
Qc3 Bh5 19. Rd5 Ne4 20. Qxe5 Qxe5 21. Nxe5 Rad8 22. Nd7 Rfe8 23. f3 c6 24. Rd3 Rxd7 25. Rxd7 Nc5 26. Rdd1 Rxe3 27. Bd4 Re2 28. Bxc5 g4 29.
Rf2 gxf3 30. gxf3 Re6 31. Rd8+ Be8 32. Kf1 Kf7 33. Re2 1-0

[Event "*** Titled Tuesday Blitz"]
[Site "Chess.com"]
[Date "2020.03.03"]
[Round "9"]
[White "deBaller"]
[Black "ChainsOfFantasia"]
[Result "1-0"]
[WhiteElo "2380"]
[BlackElo "2519"]
[TimeControl "180+1"]
[EndTime "14:44:46 PST"]
[Termination "deBaller won by resignation"]

1. e4 e6 2. d4 d5 3. Nd2 c5 4.
exd5 Qxd5 5. Ngf3 cxd4 6. Bc4 Qd7 7. O-O Nc6 8. Nb3 Nf6 9. Nbxd4 Nxd4 10. Nxd4 a6 11. Re1 Qc7 12. Qe2 Bd6 13. Bg5 Bxh2+ 14. Kh1 Bf4 15. Bxe6 O-O 16. Bxf6 fxe6 17. Nxe6 Qf7 18.
Nxf8 Qxf6 19. Kg1 Qxf8 20. Qc4+ Kh8 21. Qxf4 Bf5 22. Re5 Bxc2 23. Qxf8+ Rxf8 24. Rc1 Ba4 25. Rc7 Bc6 26. Ree7 Rg8 27. g4 h6 28. f4 Rf8 29.
f5 h5 30. Rxg7 Re8 31. Rh7+ Kg8 32. Rcg7+ Kf8 33. f6 1-0

[Event "*** Titled Tuesday Blitz"]
[Site "Chess.com"]
[Date "2020.03.03"]
[Round "9"]
[White "Tayson_7"]
[Black "vugarrasulov"]
[Result "1-0"]
[WhiteElo "2750"]
[BlackElo "2891"]
[TimeControl "180+1"]
[EndTime "14:44:47 PST"]
[Termination "Tayson_7 won by resignation"]

1. e4 c5 2. Nc3 d6 3. f4 g6 4. Nf3 Bg7 5. Bc4 Nc6 6. O-O e6 7. d4 cxd4 8. Nb5 Nge7 9. Bb3 O-O 10. Nbxd4 Nxd4 11. Nxd4 b6 12. c3 Bb7 13. Qd3 a6 14. f5 exf5 15. exf5 Nd5 16. Nf3 Ne7 17. Ng5 d5 18. f6 Bxf6 19. Rxf6 Nc6 20. Rf1 Ne5 21. Qg3 Nc4 22. Bxc4 dxc4 23. Be3 Qd7 24. Bd4 h6 25. Qe5 f6 26. Rxf6 hxg5 27. Rxg6+ Kh7 28. Rg7+ 1-0

[Event "*** Titled Tuesday Blitz"]
[Site "Chess.com"]
[Date "2020.03.03"]
[Round "9"]
[White "Vegan4future"]
[Black "almaguerjm"]
[Result "1-0"]
[WhiteElo "2533"]
[BlackElo "2338"]
[TimeControl "180+1"]
[EndTime "14:44:47 PST"]
[Termination "Vegan4future won by checkmate"]

1. e4 e5 2. Nf3 Nc6 3. d4 exd4 4. Nxd4 Bc5 5. Be3 Qf6 6. c3 Nge7 7. Be2 O-O 8. O-O d6 9. a4 a5 10. Na3 Bd7 11.
Nab5 Bb6 12. Nc2 Bxe3 13. Nxe3 Rac8 14. Bg4 Bxg4 15. Qxg4 Ne5 16. Qe2 c6 17. Nd4 N7g6 18. Nef5 Rfe8 19. f4 Nd7 20. Qf3 Nc5 21. Rfe1 Nh4 22.
Nxh4 Qxh4 23. g3 Qh3 24. b4 axb4 25. cxb4 Na6 26. Rab1 Nxb4 27. Rxb4 c5 28. Rxb7 cxd4 29. Qb3 Qh5 30. a5 Rc3 31. Qb5 f5 32. Qd5+ Kh8 33. Qxd4 Rc2 34. Qxg7# 1-0

[Event "*** Titled Tuesday Blitz"]
[Site "Chess.com"]
[Date "2020.03.03"]
[Round "9"]
[White "GadimbayliA"]
[Black "bascheyaro"]
[Result "1-0"]
[WhiteElo "2908"]
[BlackElo "2761"]
[TimeControl "180+1"]
[EndTime "14:44:48 PST"]
[Termination "GadimbayliA won by resignation"]

1. e4 e6 2. d4 d5 3. Nd2 c5 4. Ngf3 Nc6 5. exd5 exd5 6. Bb5 c4 7. O-O Bd6 8. b3 cxb3 9. axb3 Ne7 10. c4 O-O 11. Re1 a6 12. Bxc6 Nxc6 13. cxd5 Nb4 14. Nc4 Bg4 15.
Ba3 a5 16. h3 Bh5 17. g4 Bg6 18. Nfe5 Bc7 19. Bxb4 axb4 20. Rxa8 Qxa8 21. d6 Ba5 22. d7 Bc7 23. Qe2 b5 24. Nxg6 hxg6 25.
Qe8 Kh7 26. Qxf8 Qxf8 27. Re8 Qg8 28. Nd6 f5 29. Rxg8 Kxg8 30. Nb7 fxg4 31. hxg4 Kf7 32. d8=Q Bxd8 33. Nxd8+ Kf6 34. Nc6 Kg5 35. d5 1-0

[Event "*** Titled Tuesday Blitz"]
[Site "Chess.com"]
[Date "2020.03.03"]
[Round "9"]
[White "chesstatour"]
[Black "DinaBelenkaya"]
[Result "0-1"]
[WhiteElo "2065"]
[BlackElo "2282"]
[TimeControl "180+1"]
[EndTime "14:44:48 PST"]
[Termination "DinaBelenkaya won on time"]

1. c4 e5 2. Nc3 Nf6 3. Nf3 Nc6 4. d4 exd4 5. Nxd4 Nxd4 6. Qxd4 Bb4 7. Bg5 Be7 8. e4 d6 9. Be2 O-O 10. O-O Ng4 11.
Bxe7 Qxe7 12. Bxg4 Bxg4 13. e5 Be6 14. exd6 Qxd6 15.
Qxd6 cxd6 16. b3 Rfd8 17. Rad1 Kf8 18. Rd2 Rd7 19. Rfd1 Rad8 20. Nb5 d5 21. Nxa7 dxc4 22.
Rxd7 Rxd7 23. Rxd7 Bxd7 24. bxc4 Ke7 25. a4 Bxa4 26. Kf1 Kd6 27. Ke2 Kc5 28. Kd3 Bd7 0-1

[Event "*** Titled Tuesday Blitz"]
[Site "Chess.com"]
[Date "2020.03.03"]
[Round "9"]
[White "tigra"]
[Black "Zubrrr"]
[Result "1-0"]
[WhiteElo "2828"]
[BlackElo "2664"]
[TimeControl "180+1"]
[EndTime "14:44:49 PST"]
[Termination "tigra won by resignation"]

1. e4 c5 2. Nf3 d6 3. d4 cxd4 4. Nxd4 Nf6 5. Nc3 a6 6. f3 e6 7. g4 b5 8. a3 Nfd7 9. Be3 Bb7 10. g5 h6 11. g6 Nc6 12. gxf7+ Kxf7 13. Nxe6 Kxe6 14. Qd5+ Ke7 15. Bh3 Qe8 16. e5 Ncxe5 17. Qxb7 Qc8 18. Nd5+ Kf7 19. Qxc8 Rxc8 20. f4 Rxc2 21.
fxe5 Nxe5 22. O-O+ Ke8 23. Rac1 1-0

[Event "*** Titled Tuesday Blitz"]
[Site "Chess.com"]
[Date "2020.03.03"]
[Round "9"]
[White "Hasangatin_Ramil"]
[Black "Darhild"]
[Result "0-1"]
[WhiteElo "2570"]
[BlackElo "2682"]
[TimeControl "180+1"]
[EndTime "14:44:53 PST"]
[Termination "Darhild won by checkmate"]

1. e4 c5 2. Nf3 d6 3. d4 cxd4 4. Qxd4 a6 5. Be3 Nc6 6. Qb6 Qxb6 7. Bxb6 Nf6 8. Nc3 Bg4 9. Be2 Bxf3 10. Bxf3 Nd7 11.
Be3 e6 12. O-O-O Ke7 13. Be2 Rc8 14. Kb1 b5 15. Bd3 Nce5 16. Rhe1 g6 17. f4 Nxd3 18. cxd3 Bg7 19. Ne2 f5 20. Bd4 e5 21. Bc3 fxe4 22.
dxe4 Nc5 23. fxe5 Bxe5 24. Bxe5 dxe5 25. Nc3 Ke6 26. b4 Nb7 27. Nd5 Nd6 28. Rd3 Rhf8 29. Rh3 Nxe4 30. Rxe4 Rf1+ 31. Kb2 Rf2+ 32. Kb3 Kxd5 33.
Ree3 Rcc2 34. Rd3+ Ke6 35. Rxh7 Rb2+ 36. Ka3 Rxa2+ 37. Kb3 Rab2+ 38. Kc3 Rfc2# 0-1

[Event "*** Titled Tuesday Blitz"]
[Site "Chess.com"]
[Date "2020.03.03"]
[Round "9"]
[White "VALPARAISO37"]
[Black "ajian"]
[Result "1-0"]
[WhiteElo "2420"]
[BlackElo "2312"]
[TimeControl "180+1"]
[EndTime "14:44:53 PST"]
[Termination "VALPARAISO37 won on time"]

1. d4 Nf6 2. c4 e6 3. Nc3 d5 4. Bg5 Be7 5. e3 O-O 6. Nf3 Nbd7 7. Qc2 a6 8. Rd1 h6 9. Bh4 dxc4 10. Bxc4 b5 11. Bb3 Bb7 12. a4 b4 13. Ne2 c5 14.
Nf4 Be4 15. Qe2 g5 16. Bxg5 hxg5 17. Nxg5 Bd5 18. Nfxe6 fxe6 19. Nxe6 Bxe6 20. Bxe6+ Kg7 21. e4 Qb6 22. d5 Ne5 23. f4 Ng6 24. O-O Rh8 25.
g3 Rh7 26. e5 c4+ 27. Kg2 Nh5 28. f5 Nxe5 29. Qxe5+ Bf6 30. Qe2 Rah8 31. Qg4+ Kf8 32. Rh1 Ng7 33. Qf4 Ne8 34. d6 Nxd6 35. Rxd6 Qb7+ 36.
Bd5 Qe7 37. Re6 Qd8 38. Qe4 Re7 39. Rxf6+ 1-0

[Event "*** Titled Tuesday Blitz"]
[Site "Chess.com"]
[Date "2020.03.03"]
[Round "9"]
[White "Witaliss"]
[Black "Aleksandr_Kozak"]
[Result "1-0"]
[WhiteElo "2474"]
[BlackElo "2264"]
[TimeControl "180+1"]
[EndTime "14:44:54 PST"]
[Termination "Witaliss won by resignation"]

1. d4 g6 2. Nf3 Bg7 3. g3 d6 4.
Bg2 Nd7 5. O-O e5 6. c4 Ne7 7.
Nc3 O-O 8. e3 h6 9. b4 f5 10. b5 e4 11. Nd2 c6 12. a4 d5 13.
Qb3 Nf6 14. f3 Rf7 15. Ba3 Be6 16. cxd5 cxd5 17. fxe4 Nxe4 18. Ncxe4 fxe4 19. Nxe4 Rxf1+ 20. Rxf1 b6 21. Nf6+ Kh8 22. e4 Rc8 23. Kh1 Bf7 24. Nxd5 Bxd5 25. exd5 Nf5 26. d6 Nxd6 27. Qe6 Nf5 28.
Qxg6 Nxd4 29. Be4 Qg8 30. Rf7 1-0

[Event "*** Titled Tuesday Blitz"]
[Site "Chess.com"]
[Date "2020.03.03"]
[Round "9"]
[White "NTBT_DHS"]
[Black "kleopl"]
[Result "1-0"]
[WhiteElo "2681"]
[BlackElo "2488"]
[TimeControl "180+1"]
[EndTime "14:45:00 PST"]
[Termination "NTBT_DHS won by checkmate"]

1. e4 c6 2. d4 d5 3. Nc3 a6 4. Nf3 Bg4 5. Be2 e6 6. h3 Bxf3 7. Bxf3 Nf6 8. e5 Nfd7 9. Ne2 c5 10. c3 Nc6 11. O-O Qb6 12. a3 c4 13. Ng3 Be7 14. Nh5 O-O 15. Bxd5 exd5 16. Qg4 g6 17. Qxd7 gxh5 18. Qxd5 Na5 19. f4 Nb3 20. Rb1 Qe6 21. Qe4 f5 22. Qxb7 Nxc1 23. Rfxc1 Rfb8 24. Qf3 Rd8 25. Qxh5 Qg6 26. Qf3 Qe6 27. Rd1 Qd5 28. Kf2 Qxf3+ 29. Kxf3 Rd5 30. g4 fxg4+ 31. hxg4 Rb8 32.
Ke4 Rdb5 33. d5 Rxb2 34. Rxb2 Rxb2 35. d6 Bd8 36. e6 Kf8 37. g5 Rb3 38. Kd4 Rxa3 39.
Re1 Ke8 40. Rh1 Bb6+ 41. Kd5 Ra5+ 42. Kc6 Be3 43. d7+ Kd8 44. e7+ Kxe7 45. Rxh7+ Ke6 46. d8=Q Rc5+ 47. Kb7 Bxf4 48. Qd7+ Ke5 49. Re7# 1-0

[Event "*** Titled Tuesday Blitz"]
[Site "Chess.com"]
[Date "2020.03.03"]
[Round "9"]
[White "ChessBitl"]
[Black "AnkitGajwa"]
[Result "0-1"]
[WhiteElo "2331"]
[BlackElo "2506"]
[TimeControl "180+1"]
[EndTime "14:45:03 PST"]
[Termination "AnkitGajwa won on time"]

1. e4 a6 2. d4 h6 3. Nf3 d6 4.
c4 Nd7 5. Nc3 c5 6. d5 g5 7. Bd3 Bg7 8. O-O Ngf6 9. Re1 Ng4 10. h3 Nge5 11. Nxe5 Nxe5 12. Bf1 Bf6 13. Qh5 g4 14. hxg4 Bxg4 15. Qh2 Rg8 16. Kh1 Nf3 17. gxf3 Bxf3+ 18. Bg2 Rxg2 19. Qxg2 Bxg2+ 20. Kxg2 Qd7 21. f3 O-O-O 22. Bxh6 Rg8+ 23. Kf2 Qh3 24. Bf4 Bd4+ 25. Ke2 Rg2+ 26. Kd3 Qxf3+ 27. Be3 f5 28. exf5 Qxf5+ 29.
Ne4 Rg3 30. Re2 b5 31. cxb5 Bxe3 32. Rxe3 Qxd5+ 33. Ke2 Rxe3+ 34. Kxe3 Qd4+ 35. Kf3 d5 36. Nc3 Qd3+ 37. Kf4 d4 38. Nd5 Qd2+ 39. Ke5 axb5 40. Rg1 Qe2+ 0-1

[Event "*** Titled Tuesday Blitz"]
[Site "Chess.com"]
[Date "2020.03.03"]
[Round "9"]
[White "Pechen_Yeltsina"]
[Black "Godzillator"]
[Result "1-0"]
[WhiteElo "2698"]
[BlackElo "2413"]
[TimeControl "180+1"]
[EndTime "14:45:07 PST"]
[Termination "Pechen_Yeltsina won by checkmate"]

1. e4 c6 2. d3 d5 3. Nd2 e5 4.
Ngf3 Bd6 5. d4 exd4 6. exd5 c5 7. Bb5+ Bd7 8. Qe2+ Kf8 9. O-O a6 10. Bxd7 Nxd7 11.
Ne4 Bc7 12. c4 Ngf6 13. Nxf6 Nxf6 14. Bg5 Qd6 15. Bxf6 Qxf6 16. Rfe1 g6 17. Rad1 Kg7 18. Qe7 Rac8 19. Rd2 Ba5 20. Qxb7 Bxd2 21. Nxd2 Rhe8 22. Ne4 Qf4 23. d6 Rcd8 24. Qd5 Rxd6 25. Qb7 d3 26. f3 d2 27. Rd1 Qe3+ 28. Kf1 Rxe4 29. Qxe4 Qxe4 30.
fxe4 Rd4 31. Ke2 Rxe4+ 32. Kd3 Rd4+ 33. Kc3 Rd6 34. Rxd2 Rc6 35. Rd5 Kf6 36. a3 a5 37.
Kb3 Rb6+ 38. Kc3 Rc6 39. Rd7 h5 40. Ra7 Ke5 41. Rxa5 Ke4 42. b4 cxb4+ 43. axb4 f5 44. b5 Rc8 45. b6 g5 46. Kb4 Kd4 47. Rd5+ Ke4 48. Rd7 f4 49. c5 g4 50. b7 Rf8 51.
c6 f3 52. gxf3+ gxf3 53. c7 f2 54. c8=Q f1=Q 55. Re7+ Kd4 56. Qd7# 1-0

[Event "*** Titled Tuesday Blitz"]
[Site "Chess.com"]
[Date "2020.03.03"]
[Round "9"]
[White "MikaelyanArman"]
[Black "Rsnr"]
[Result "1-0"]
[WhiteElo "2632"]
[BlackElo "2777"]
[TimeControl "180+1"]
[EndTime "14:45:12 PST"]
[Termination "MikaelyanArman won by resignation"]

1. e4 c6 2. c4 d5 3. exd5 cxd5 4. cxd5 Nf6 5. Qa4+ Nbd7 6. Nc3 g6 7. Nf3 Bg7 8. Bc4 a6 9. O-O Rb8 10. Qd1 b5 11.
Bb3 Bb7 12. d6 O-O 13. dxe7 Qxe7 14. d4 Qd6 15. Bg5 Ng4 16. d5 Nc5 17. h3 Ne5 18. Bf4 b4 19. Nxe5 Bxe5 20. Bxe5 Qxe5 21. Re1 Qf5 22.
Bc2 Qd7 23. Ne4 Nxe4 24. Bxe4 Rfd8 25. Qd4 Bxd5 26. Bxd5 Qxd5 27. Re8+ 1-0

[Event "*** Titled Tuesday Blitz"]
[Site "Chess.com"]
[Date "2020.03.03"]
[Round "9"]
[White "karwowskikacper"]
[Black "mrkvoz"]
[Result "0-1"]
[WhiteElo "2417"]
[BlackElo "2788"]
[TimeControl "180+1"]
[EndTime "14:45:15 PST"]
[Termination "mrkvoz won on time"]

1. e4 d6 2. d4 Nf6 3. Nc3 e5 4. Nf3 Nbd7 5. Bc4 Be7 6. O-O O-O 7. Re1 c6 8. a4 a5 9. h3 Nb6 10. Bf1 exd4 11. Nxd4 d5 12. exd5 Nbxd5 13. Nxd5 Nxd5 14. b3 Nc3 15. Qd3 Bf6 16. Be3 Nd5 17. Rad1 Nxe3 18. Qxe3 Qb6 19. Nf5 Qxe3 20. Nxe3 Bc3 21. Re2 Be6 22.
Rd3 Bb4 23. c4 Rad8 24. Rc2 Rxd3 25. Bxd3 Rd8 26. Be2 f5 27. f4 Bc5 28. Kf2 Kf7 29. Kf3 Kf6 30. g4 g6 31. g5+ Ke7 32. Rc1 Rd2 33.
h4 Rb2 34. Rc3 Kd6 35. Rd3+ Kc7 36. Nf1 Bb4 37. Ng3 b5 38. Re3 Kd6 39. axb5 cxb5 40. h5 bxc4 41. bxc4 a4 42. Rd3+ Ke7 43. h6 a3 44. Bd1 a2 45. Nxf5+ Bxf5 46. Re3+ Kf8 47. Ba4 Be7 0-1

[Event "*** Titled Tuesday Blitz"]
[Site "Chess.com"]
[Date "2020.03.03"]
[Round "9"]
[White "cottage_cheese"]
[Black "SCIM"]
[Result "1-0"]
[WhiteElo "2362"]
[BlackElo "2454"]
[TimeControl "180+1"]
[EndTime "14:45:16 PST"]
[Termination "cottage_cheese won by resignation"]

1. e4 e5 2. Nf3 Nc6 3. Bb5 Nd4 4.
Nxd4 exd4 5. d3 Bc5 6. O-O c6 7. Bc4 h5 8. c3 Nf6 9. Bg5 Qb6 10. Qe2 Ng4 11. b4 Qc7 12. e5 Bb6 13. Bf4 dxc3 14.
Nxc3 Qd8 15. Ne4 Kf8 16. Nd6 g5 17. Nxf7 Qe8 18. Bxg5 d5 19. Qf3 dxc4 20. Nd6+ Kg7 21. Nxe8+ Rxe8 22. Bf6+ Kg6 23. h3 Be6 1-0